 Dungeon Crawl Stone Soup version 0.27-a0-1529-g1e82c303ef (webtiles) character file.

Game seed: 8916637744026957973

417 Armakuni the Shield-Bearer (level 7, -4/54 HPs)
             Began as a Human Wanderer on July 11, 2021.
             Was an Initiate of Elyvilon.
             Slain by an iguana (6 damage)
             ... on level 4 of the Dungeon.
             The game lasted 00:10:38 (5418 turns).

Armakuni the Shield-Bearer (Human Wanderer)         Turns: 5418, Time: 00:10:38

Health: -4/54      AC:  6    Str: 14    XL:     7   Next: 15%
Magic:  10/10      EV: 11    Int: 13    God:    Elyvilon [......]
Gold:   336        SH:  5    Dex: 12    Spells: 5/10 levels left

rFire    . . .     SeeInvis .   a - +3 short sword
rCold    . . .     Faith    .   f - +0 buckler
rNeg     . . .     Spirit   .   i - +0 ring mail
rPois    .         Reflect  .   (no helmet)
rElec    .         Harm     .   (no cloak)
rCorr    .         Rampage  .   c - +0 pair of gloves
Will     .....                  (no boots)
Stlth    +.........             (no amulet)
HPRegen  0.18/turn              (no ring)
MPRegen  0.12/turn              (no ring)

@: no status effects
A: no striking features
a: Renounce Religion


You were on level 4 of the Dungeon.
You worshipped Elyvilon.
Elyvilon was noncommittal.
You visited 1 branch of the dungeon, and saw 5 of its levels.

You collected 336 gold pieces.

Inventory:

Hand Weapons
 a - a +3 short sword (weapon)
Missiles
 e - 20 poisoned darts (quivered)
Armour
 c - a +0 pair of gloves (worn)
 f - a +0 buckler (worn)
 i - a +0 ring mail (worn)
Jewellery
 b - a ring of see invisible
 d - a ring of fire
Scrolls
 g - a scroll of magic mapping {unknown}
 p - a scroll of amnesia {unknown}
 q - a scroll of fog {unknown}
 r - a scroll of summoning {unknown}
 s - a scroll of enchant armour {unknown}
Potions
 h - 2 potions of cancellation
 j - a potion of might
 k - a potion of haste {unknown}
 l - a potion of curing
 m - a potion of lignification
 n - a potion of degeneration {unknown}
 o - 2 potions of attraction {unknown}


   Skills:
 - Level 4.0 Fighting
 - Level 1.0 Long Blades
 + Level 2.9 Armour
 + Level 2.3 Dodging
 - Level 1.0 Stealth
 - Level 4.0 Shields
 - Level 2.0 Spellcasting
 - Level 3.0 Hexes
 - Level 1.0 Evocations


You had 5 spell levels left.
You knew the following spells:

 Your Spells              Type           Power      Damage    Failure   Level
b - Blink                 Tloc           N/A        N/A       58%         2
m - Mephitic Cloud        Conj/Pois/Air  1%         N/A       83%         3

Your spell library contained the following spells:

 Spells                   Type           Power      Damage    Failure   Level
 Slow                     Hex            9%         N/A       22%         2
 Magic Dart               Conj           4%         1d3       45%         1
 Sandblast                Erth           2%         2d4       45%         1
 Summon Small Mammal      Summ           4%         N/A       45%         1
 Call Imp                 Summ           1%         N/A       58%         2
 Summon Guardian Golem    Hex/Summ       5%         N/A       63%         3
 Conjure Flame            Conj/Fire      1%         6-21      83%         3
 Stone Arrow              Conj/Erth      2%         3d7       83%         3


Dungeon Overview and Level Annotations

Branches:
Dungeon (5/15)
 Temple: D:4-7

Altars:
Cheibriados
Dithmenos
Elyvilon
Fedhas
Gozag
Kikubaaqudgha
Qazlal
Ru
The Shining One

Shops:
D:4 *(

Annotations:
D:5 Sigmund


Message History

The iguana bites you!
You hit the iguana.
The iguana is moderately wounded.
The iguana bites you!
You barely miss the iguana.
The iguana is moderately wounded.
The iguana completely misses you.
You hit the iguana.
The iguana is moderately wounded.
The iguana bites you!
You are too injured to fight recklessly!
You are too injured to fight recklessly!
You are too injured to fight recklessly!
You are too injured to fight recklessly!
You are too injured to fight recklessly!
You are too injured to fight recklessly!
You are too injured to fight recklessly!
You are too injured to fight recklessly!
You hit the iguana but do no damage.
The iguana is moderately wounded.
You block the iguana's attack.
You barely miss the iguana.
The iguana is moderately wounded.
The iguana hisses menacingly.
The iguana bites you!
You hit the iguana.
The iguana is heavily wounded.
The iguana bites you!
* * * LOW HITPOINT WARNING * * *
You barely miss the iguana.
The iguana is heavily wounded.
The iguana bites you.
* * * LOW HITPOINT WARNING * * *
You hit the iguana but do no damage.
The iguana is heavily wounded.
The iguana closely misses you.
You hit the iguana.
The iguana is heavily wounded.
The iguana bites you.
You die...

.♣#####......................###.
♣♣ ##.....................##.. ♣
#................####.....
#..........<..[........... ♣
#.....................#.#. ♣♣
##.............###......## .♣
#......#.....## #.##...## .♣♣
##.....#.##### #.##...#. ..♣
#.###..@### ##.##..).. O♣♣ #.#
##.l..## ##......... .♣ #.#
###.#.###..[....... ♣♣ #.#
#................ ♣ #.##
#.∩.#...........# #..#
###................ ♣
##.###...#.............. ♣♣
########......##.#............
.♣##..##........###..............


You could see an iguana.

Vanquished Creatures
  An ogre (D:4)
  A kobold brigand (D:4)
  A howler monkey (D:4)
  A hound (D:4)
  9 adders
  A worm (D:3)
  3 dart slugs
  7 orcs
  10 endoplasms
  5 giant cockroaches
  5 hobgoblins
  9 jackals
  6 kobolds
  4 quokkas
  11 ball pythons
  2 bats (D:3)
  6 frilled lizards
  8 goblins
  5 rats
95 creatures vanquished.

Vanquished Creatures (others)
  5 plants
5 creatures vanquished.

Grand Total: 100 creatures vanquished

Notes
Turn   | Place    | Note
-------+----------+-------------------------------------------
     0 | D:1      | Armakuni the Human Wanderer began the quest for the Orb.
     0 | D:1      | Armakuni set off with the following items: a +0 club, a +0
                  | robe; and the following spells available to memorise: Slow,
                  | Magic Dart, Sandblast, Summon Small Mammal, Blink, Call
                  | Imp, Summon Guardian Golem, Conjure Flame, Mephitic Cloud,
                  | Stone Arrow
     0 | D:1      | Reached XP level 1. HP: 13/13 MP: 3/3
   283 | D:1      | Reached skill level 1 in Fighting
   514 | D:1      | Reached XP level 2. HP: 21/21 MP: 5/5
  1035 | D:1      | Reached XP level 3. HP: 20/28 MP: 6/6
  1206 | D:1      | Learned a level 2 spell: Blink
  1210 | D:1      | Learned a level 3 spell: Mephitic Cloud
  1955 | D:4      | Found a blossoming altar of Fedhas.
  2052 | D:2      | Reached XP level 4. HP: 35/35 MP: 7/7
  2478 | D:2      | Found a faded altar of an unknown god.
  2814 | D:3      | Found a large runed translucent door.
  2817 | D:3      | Found a large runed translucent door.
  2829 | D:3      | Found a snail-covered altar of Cheibriados.
  2841 | D:3      | Found a glowing golden altar of the Shining One.
  2846 | D:3      | Reached skill level 1 in Shields
  2848 | D:3      | Became a worshipper of the Shining One
  2916 | D:3      | Reached XP level 5. HP: 24/42 MP: 8/8
  3308 | D:3      | Upgraded the game from 0.27-a0-1525-g1038ab4fd7 to
                  | 0.27-a0-1529-g1e82c303ef
  3733 | D:3      | Found an ancient bone altar of Kikubaaqudgha.
  4334 | D:4      | Found a stormy altar of Qazlal.
  4347 | D:4      | Noticed a kobold brigand
  4363 | D:4      | Killed a kobold brigand
  4364 | D:4      | Reached XP level 6. HP: 27/48 MP: 9/9
  4581 | D:4      | Found a shadowy altar of Dithmenos.
  4647 | D:4      | Found Seethr Xiane's Antique Weapon Shoppe.
  4676 | D:4      | Reached skill level 1 in Armour
  4697 | D:4      | Found a white marble altar of Elyvilon.
  4713 | D:4      | Found an opulent altar of Gozag.
  4715 | D:4      | Found Gozag's Platinum Reserve.
  4754 | D:4      | Fell from the grace of the Shining One
  4754 | D:4      | Became a worshipper of Elyvilon the Healer
  4770 | D:4      | Noticed an ogre
  4932 | D:4      | Killed an ogre
  4933 | D:4      | Reached XP level 7. HP: 33/54 MP: 10/10
  5299 | D:4      | Found a sacrificial altar of Ru.
  5396 | D:5      | Entered Level 5 of the Dungeon
  5396 | D:5      | Noticed Sigmund
  5416 | D:4      | HP: 2/54 [iguana (4)]
  5418 | D:4      | Slain by an iguana

Illustrated notes

Levels and vault maps discovered:
D:1:      amcnicky_arrival_feature_with_door, layout_loops_ring
D:2:      layout_loops_ring, ebering_ecumenical_altar_rust
D:3:      layout_basic, mainiacjoe_overflow_alcove_2, jmf_multi_god_temple2,
          minmay_misc_feat_rugged, minmay_shallow_snake_nest
D:4:      layout_rooms, nicolae_gozag_zags_fifth_avenue, amcnicky_altar_gilded,
          nicolae_ru_path_of_blood, grunt_qazlal_sundering,
          kennysheep_little_box, kennysheep_orc_sif_temple, elyvilon_altar_3,
          serial_shops, nicolae_shop_stone, nicolae_ossuary_entry_ruins,
          portal_sewer_entry_d, saegor_snake_ambush
D:5:      layout_cave_pools, lemuel_temple_firewalk_a,
          biasface_ghost_orc_armoury, minmay_misc_feat_tiny, uniq_sigmund,
          uniq_blork_the_orc

Skill      XL: |  1  2  3  4  5  6 |
---------------+-------------------+-----
Fighting       | 1 2 3 4 |  4.0
Shields        | 1 3 4 |  4.0
Armour         | 2 |  2.9
Long Blades    | |  1.0
Dodging        | |  2.3
Stealth        | |  1.0
Spellcasting   | |  2.0
Hexes          | |  3.0
Evocations     | |  1.0

Action                   |  1- 3 |  4- 6 |  7- 9 || total
-------------------------+-------+-------+-------++-------
Melee: Club              |    12 |       |       ||    12
       Mace              |    90 |    92 |       ||   182
       Short sword       |       |   140 |    28 ||   168
 Fire: Fustibalus        |    16 |     3 |       ||    19
Throw: Dart              |       |     6 |       ||     6
  Use: Potion            |     1 |     1 |     2 ||     4
       Scroll            |     1 |     1 |       ||     2
 Stab: Sleeping          |     1 |       |       ||     1
Armor: Robe              |    21 |       |       ||    21
       Ring mail         |    12 |   100 |     7 ||   119
       Skin              |       |       |     9 ||     9
Dodge: Dodged            |    65 |   127 |    18 ||   210
Block: Buckler           |       |    24 |     6 ||    30

Table legend: (Time is in decaauts)
 A = Elapsed time spent in this place.
 B = Non-inter-level travel time spent in this place.
 C = Inter-level travel time spent in this place.
 D = Time resting spent in this place.
 E = Time spent auto-exploring this place.
 F = Levels seen in this place.
 G = Mean time per level.
                   A        B        C        D        E       F      G
               +--------+--------+--------+--------+--------+-----+--------+
         Total |   5545 |   5426 |    119 |   1719 |   2442 |   5 | 1109.0 |
       Dungeon |   5545 |   5426 |    119 |   1719 |   2442 |   5 | 1109.0 |
               +--------+--------+--------+--------+--------+-----+--------+

Top non-repeatable levels by time:
     D:1: 1614 daAuts
     D:4: 1504 daAuts
     D:3: 1371 daAuts
     D:2: 1053 daAuts
     D:5: 1 daAuts
